 Dungeon Crawl Stone Soup version 0.29.1-15-g9cfb28693d (webtiles) character file.

Game seed: 17162667910254161759

3805 Anriel the Nimble (level 9, -6/51 HPs)
             Began as a Deep Elf Hunter on Mar 14, 2023.
             Was a Priest of Okawaru.
             Mangled by a vampire
             ... wielding a +0 broad axe
              (11 damage)
             ... on level 6 of the Dungeon.
             The game lasted 00:48:32 (9578 turns).

Anriel the Nimble (Deep Elf Hunter)                 Turns: 9578, Time: 00:48:35

Health: -6/51      AC:  9    Str:  8    XL:     9   Next: 96%
Magic:  17/17      EV: 19    Int: 15    God:    Okawaru [***...]
Gold:   66         SH:  0    Dex: 22    Spells: 6/16 levels left

rFire   + . .      SeeInvis .   t - +0 longbow (flame)
rCold   . . .      Faith    .   (shield currently unavailable)
rNeg    . . .      Spirit   .   k - +2 leather armour {rF+}
rPois   +          Reflect  .   l - +0 helmet
rElec   .          Harm     .   (no cloak)
rCorr   .          Rampage  .   (no gloves)
Will    .....                   n - +1 pair of boots
Stlth   ++++......              (no amulet)
HPRegen 0.17/turn               q - ring of poison resistance
MPRegen 0.15/turn               (no ring)

@: slowed, very slow
A: no striking features
a: Renounce Religion, Heroism


You were on level 6 of the Dungeon.
You worshipped Okawaru.
Okawaru was most pleased with you.
You visited 2 branches of the dungeon, and saw 8 of its levels.

You collected 430 gold pieces.
You spent 364 gold pieces at shops.

Inventory:

Hand Weapons
 a - a +0 shortbow
 f - a +2 dagger of venom
 t - a +0 longbow of flaming (weapon)
Missiles
 p - 2 throwing nets
Armour
 e - a +1 robe
 k - a +2 leather armour of fire resistance (worn)
 l - a +0 helmet (worn)
 n - a +1 pair of boots (worn)
 w - a +4 ring mail
Jewellery
 q - a ring of poison resistance (left hand)
Wands
 i - a wand of digging (2)
 u - a wand of flame (24)
Scrolls
 d - 3 scrolls of vulnerability
 v - a scroll of poison
 y - a scroll of silence
Potions
 b - a potion of cancellation
 h - a potion of degeneration {unknown}
 m - 2 potions of attraction
 o - a potion of brilliance
 s - 2 potions of flight
 z - 2 potions of haste {unknown}
 A - a potion of heal wounds {unknown}
 B - a potion of curing {unknown}


   Skills:
 - Level 3.2 Fighting
 * Level 10.0 Ranged Weapons
 - Level 5.0 Armour
 - Level 10.1 Dodging
 + Level 7.6 Stealth
 - Level 4.1 Spellcasting
 * Level 0.2 Translocations


You had 6 spell levels left.
You knew the following spells:

 Your Spells              Type           Power      Damage    Failure   Level
a - Blink                 Tloc           6%         N/A       32%         2
b - Portal Projectile     Hex/Tloc       6%         N/A       56%         3
c - Manifold Assault      Tloc           3%         N/A       99%         5

Your spell library contained the following spells:

 Spells                   Type           Power      Damage    Failure   Level
 Apportation              Tloc           6%         N/A       22%         1
 Freeze                   Ice            12%        1d4       24%         1
 Necrotise                Necr           12%        1d4       24%         1
 Sublimation of Blood     Necr           3%         N/A       36%         2
 Lesser Beckoning         Tloc           3%         N/A       54%         3
 Frozen Ramparts          Ice            6%         1d1       58%         3
 Ozocubu's Armour         Ice            3%         N/A       58%         3
 Hailstorm                Conj/Ice       3%         3d3       94%         4
 Petrify                  Tmut/Erth      3%         N/A       94%         4
 Blade Hands              Tmut           1%         N/A       100%        5
 Irradiate                Conj/Tmut      1%         3d12      100%        5
 Ozocubu's Refrigeration  Ice            1%         4d7       100%        7
 Summon Small Mammal      Summ           Unusable   N/A       N/A         1
 Tukima's Dance           Hex            Unusable   N/A       N/A         3

Dungeon Overview and Level Annotations

Branches:
Dungeon (7/15)             Temple (1/1) D:4

Altars:
Cheibriados
Dithmenos
Elyvilon
Fedhas
Gozag
Kikubaaqudgha
Makhleb
Okawaru
Qazlal
Trog
Uskayaw
Vehumet
Wu Jian
Xom
Yredelemnul
Zin
The Shining One

Shops:
D:1 :

Annotations:
D:7 2 runed translucent doors, Maggie


Message History

An arrow appears from out of thin air!
The arrow closely misses you.
You hear a twanging sound.
An arrow appears from out of thin air!
The arrow hits you.
You hear a shout!
Fire: t) +0 longbow (flame)
Press: ? - help, Q - select action, (/) - cycle Shift-Dir - straight line, f - wraith
Aim: a wraith (67% to hit)
You shoot an arrow. The arrow closely misses the wraith.
A deep elf pyromancer comes into view. It is wielding a +0 long sword.
Unknown command.
The wraith attacks as you move away! The wraith barely misses you.
There is an open door here.
The wraith attacks as you move away! The wraith closely misses you.
The wraith attacks as you move away! The wraith hits you.
The wraith attacks as you move away! The wraith misses you.
The wraith attacks as you move away! The wraith barely misses you.
The wraith attacks as you move away! The wraith hits you.
There is a stone staircase leading up here.
You hear some strange, mumbled words.
Something tries to affect you, but you resist.
Something hits you but does no damage. Something bites you.
Something draws strength from your injuries!
The deep elf pyromancer gestures wildly while chanting.
The wraith hits you. The wraith drains your vigour!
You feel yourself slow down.
You climb upwards.
Reactivating autopickup.
There is a stone staircase leading down here.
Fire: t) +0 longbow (flame)
Press: ? - help, Q - select action, (/) - cycle Shift-Dir - straight line, f - wraith
Aim: a wraith (67% to hit)
You shoot an arrow.
The arrow hits the wraith but does no damage.
Something hits you!
* * * LOW HITPOINT WARNING * * *
Deactivating autopickup; reactivate with Ctrl-A.
Something closely misses you. The wraith hits you.
* * * LOW HITPOINT WARNING * * *
Something hits you!
You die...

...#.##.........####........##.##
.....###...^...## ##..#######.##
##.### ##.....## ##.# #.# #.#
##...#########.# #.# #.#
##..........#.# #.## #.#
#..#######.#.# #... #.# #..#
#.#.# #### #.# ##..#######.#.#
#.# ##.....W@...(..# #.#
#...).######.###
#.######....#######.#
#...................#
########...########## ###.# #.#
#.# #.#########


You could see a wraith.

Vanquished Creatures
  A cyclops (D:7)
  Joseph (D:7)
  Sigmund (D:2)
  2 water moccasins
  Duvessa (D:7)
  An ogre (D:6)
  3 sky beasts
  3 black bears
  2 ice beasts (D:6)
  2 centaurs
  A kobold brigand (D:7)
  2 bullfrogs (D:7)
  2 scorpions
  3 necrophages
  6 wights
  Dowan (D:7)
  A killer bee (D:7)
  An orc priest (D:6)
  6 hounds
  3 jellies
  6 iguanas
  Terence (D:3)
  Natasha (thrice) (D:2)
  An orc wizard (D:6)
  Robin (D:2)
  4 adders
  A shadow imp (D:6)
  A white imp (D:5)
  2 ufetubi (D:6)
  3 worms (D:2)
  4 dart slugs
  19 orcs
  4 ball pythons
  5 bats
  12 endoplasms
  A giant cockroach (D:4)
  17 goblins
  6 hobgoblins
  3 jackals (D:4)
  2 quokkas
  A frilled lizard (D:3)
  14 kobolds
  9 rats
163 creatures vanquished.

Vanquished Creatures (others)
  A wight (D:7)
1 creature vanquished.

Grand Total: 164 creatures vanquished

Notes
Turn   | Place    | Note
-------+----------+-------------------------------------------
     0 | D:1      | Anriel the Deep Elf Hunter began the quest for the Orb.
     0 | D:1      | Reached XP level 1. HP: 12/12 MP: 3/3
   394 | D:1      | Reached XP level 2. HP: 12/17 MP: 4/4
   657 | D:1      | Found Gureg's Book Shop.
  1016 | D:2      | Reached XP level 3. HP: 17/21 MP: 5/5
  1201 | D:2      | Noticed Sigmund
  1249 | D:2      | Killed Sigmund
  1250 | D:2      | Reached XP level 4. HP: 27/27 MP: 6/6
  1250 | D:2      | Reached XP level 5. HP: 31/31 MP: 7/7
  1499 | D:2      | Noticed Robin
  1505 | D:2      | Killed Robin
  1577 | D:2      | Noticed Natasha
  1586 | D:2      | Killed Natasha
  1587 | D:2      | Reached skill level 5 in Dodging
  1920 | D:2      | Reached XP level 6. HP: 36/36 MP: 8/8
  1954 | D:2      | Noticed Natasha
  1974 | D:2      | Killed Natasha
  2150 | D:2      | Noticed Natasha
  2152 | D:2      | Killed Natasha
  2701 | D:3      | Noticed Terence
  2708 | D:3      | Killed Terence
  3324 | D:4      | Learned a level 2 spell: Blink
  4097 | D:4      | Reached XP level 7. HP: 15/41 MP: 9/9
  4821 | D:4      | Found a staircase to the Ecumenical Temple.
  4828 | Temple   | Entered the Ecumenical Temple
  4917 | Temple   | Became a worshipper of Warmaster Okawaru
  5008 | D:5      | Entered Level 5 of the Dungeon
  6198 | D:6      | Reached XP level 8. HP: 46/46 MP: 10/10
  6279 | D:6      | Reached * piety under Okawaru
  6446 | D:6      | Reached skill level 10 in Ranged Weapons
  6723 | D:6      | Found a bloodstained altar of Trog.
  6958 | D:6      | Reached skill level 1 in Armour
  7477 | D:6      | Reached skill level 5 in Stealth
  7610 | D:6      | Reached XP level 9. HP: 47/51 MP: 11/11
  7660 | D:6      | Identified a scroll of acquirement
  7660 | D:6      | Acquired a +0 longbow of flaming
  7693 | D:7      | Reached ** piety under Okawaru
  7749 | D:7      | Noticed Duvessa
  7771 | D:7      | Noticed Dowan
  7955 | D:7      | Killed Duvessa
  7960 | D:7      | Killed Dowan
  8283 | D:7      | Found a large runed translucent door.
  8283 | D:7      | Found a large runed translucent door.
  8294 | D:7      | Noticed Joseph
  8395 | D:7      | Killed Joseph
  8395 | D:7      | Reached *** piety under Okawaru
  8396 | D:7      | Reached skill level 5 in Armour
  8646 | D:7      | Noticed Maggie
  8686 | D:7      | Reached skill level 1 in Spellcasting
  8701 | D:7      | HP: 1/51 [poisoned by a scorpion]
  8729 | D:7      | Noticed a cyclops
  8783 | D:7      | Killed a cyclops
  8784 | D:7      | Reached skill level 10 in Dodging
  9349 | D:1      | Bought a book of Weapons for 364 gold pieces
  9353 | D:1      | Learned a level 3 spell: Portal Projectile
  9359 | D:1      | Learned a level 5 spell: Manifold Assault
  9568 | D:7      | Noticed a deep elf pyromancer
  9578 | D:6      | Mangled by a vampire

Illustrated notes

Levels and vault maps discovered:
D:1:      heliophobic_arrival_glass_houses, layout_loops_ring, serial_shops,
          shop_statue
D:2:      layout_loops_ring, minmay_distorted, uniq_sigmund, uniq_natasha,
          uniq_robin
D:3:      layout_basic, uniq_terence
D:4:      layout_loops_corners, minmay_temple_entry_statues_pillars,
          serial_glass, glass_columns_a, glass_columns_c, glass_columns_a,
          glass_columns_b, glass_columns_a, glass_columns_a, glass_columns_a,
          glass_columns_c, minmay_diced_spiral
D:5:      layout_basic
D:6:      minmay_chambers_of_threes, layout_loops_corners, lemuel_doored_altar
D:7:      due_chaos_kobolds, layout_basic, nemelex_spade_bored_becter,
          nicolae_ru_the_path_less_chosen, chequers_serial_rivers_micro_e,
          minmay_the_grid_2x2 [minmay_the_grid_minigrid_large,
          minmay_the_grid_minigrid_small, minmay_the_grid_stretched_grid,
          minmay_the_grid_prize_four_corners], uniq_joseph, uniq_maggie,
          uniq_duvessa
Temple:   lightli_temple_of_artemis

Skill      XL: |  1  2  3  4  5  6  7  8  9 |
---------------+----------------------------+-----
Dodging        | 3 4 5 6 7 8 10 | 10.1
Fighting       | 2 3 |  3.2
Ranged Weapons | 7 8 9 10 | 10.0
Stealth        | 2 5 7 |  7.6
Armour         | 3 5 |  5.0
Spellcasting   | 4 |  4.1
Translocations | |  0.2

Action                   |  1- 3 |  4- 6 |  7- 9 || total
-------------------------+-------+-------+-------++-------
Melee: Dagger            |     1 |    32 |    73 ||   106
 Fire: Shortbow          |    70 |   177 |   187 ||   434
       Longbow           |       |       |   111 ||   111
 Cast: Blink             |       |       |     4 ||     4
  Use: Scroll            |     3 |    10 |    15 ||    28
       Potion            |       |       |     6 ||     6
 Stab: Sleeping          |     1 |     1 |     2 ||     4
Armor: Robe              |     7 |    24 |     6 ||    37
       Leather armour    |       |       |    57 ||    57
Dodge: Dodged            |    17 |   107 |   235 ||   359
